 Dungeon Sprint DCSS version 0.14-a0-2986-gd1872aa (webtiles) character file.

8000000 BluebellGnoll the Intangible (level 27, -33/298 HPs)
             Began as a Naga Enchanter on Mar 6, 2014.
             Was the Champion of Makhleb.
             Annihilated by a bag of meat
             ... wielding a +9,+9 war axe
              (36 damage)
             ... in the Dungeon (Sprint VIII: "Arena of Blood").
             The game lasted 00:07:27 (80 turns).

BluebellGnoll the Intangible (Naga Enchanter)         Turns: 80, Time: 00:07:27

HP -33/298       AC 13     Str 12      XL: 27
MP  19/49        EV 26     Int 24      God: Makhleb [******]
Gold 0           SH  0     Dex 15      Spells:  1 memorised, 79 levels left

rFire  . . .     SeeInvis +     l - +∞ Axe of Woe
rCold  . . .     Clarity  .     b - +1 robe
rNeg   . . .     Conserve .     (no shield)
rPois  +         rCorr    .     (no helmet)
rElec  .         rRot     .     (no cloak)
SustAb . .       Spirit   .     (no gloves)
rMut   .         Warding  .     (no barding)
Saprov . . .     NoTele   +     (no amulet)
MR     +++..                    (no ring)
                                (no ring)

@: very slightly contaminated, drained, very slow, extremely resistant to
hostile enchantments, incredibly stealthy
A: spit poison, constrict 1, see invisible, deformed body, poison resistance,
slowness 2, AC +9
a: Spit Poison, Minor Destruction, Lesser Servant of Makhleb, Major Destruction,
Greater Servant of Makhleb, Renounce Religion


You were in the Dungeon.
You worshipped Makhleb.
Makhleb was exalted by your worship.
You were not hungry.

You visited 1 branch

Inventory:

Hand weapons
 a - a +1,+1 dagger
 l - the +∞,+∞ Axe of Woe (weapon)
   (You found it in the Dungeon)
Missiles
 d - 12 darts (quivered)
Armour
 b - a +1 robe (worn)
Comestibles
 f - a bread ration
Jewellery
 e - a +27000,+100 ring of slaying
Potions
 g - a potion of heal wounds
 i - 2 potions of magic
 j - a potion of berserk rage
Books
 c - a book of Maledictions

   Spells                             Type                      Level
   *Corona                            Hexes                        1
   Sure Blade                         Hexes/Charms                 2
   Ensorcelled Hibernation            Hexes/Ice                    2
   Confuse                            Hexes                        3
   Enslavement                        Hexes                        4
   Invisibility                       Hexes                        6


   Skills:
 O Level 27(25.7) Fighting
 O Level 27(25.7) Short Blades
 O Level 27(25.7) Axes
 O Level 27(25.7) Throwing
 O Level 27(25.7) Armour
 O Level 27(25.7) Dodging
 O Level 27(25.7) Stealth
 O Level 27(25.7) Unarmed Combat
 O Level 27(25.7) Spellcasting
 O Level 27(25.7) Hexes
 O Level 27(25.7) Invocations


You had 79 spell levels left.
You knew the following spells:

 Your Spells              Type           Power        Failure   Level  Hunger
a - Corona                Hex            #######      0%          1    None


Dungeon Overview and Level Annotations

Branches:
Dungeon (1/1)

Altars:
Makhleb


Innate Abilities, Weirdness & Mutations

You cannot wear boots.
You can spit poison.
You can use your snake-like lower body to constrict enemies.
Your serpentine skin is tough (AC +9).
You have supernaturally acute eyesight.
Armour fits poorly on your strangely shaped body.
Your system is resistant to poisons.
You cover ground very slowly.


Message History

You feel a little better.
You slash the meat berserker!
You slaughter the meat berserker joyfully.
You kill the meat berserker!
Makhleb accepts your kill.
You hear a shout!
The lost soul is engulfed in roaring flames.
The lost soul throws negative energy at you.
The bolt of negative energy hits you!
You feel drained. The dread throws hellfire at you.
The hellfire explodes!
The burst of hellfire engulfs you!
You hear a shout!
The destroyer blinks!
You hear a shout!
The sculptor of flesh hits you with a +9,+9 great sword!
Ouch! That really hurt!
* * * LOW HITPOINT WARNING * * *
You hear a shout!
The lost soul is engulfed in roaring flames.
The bag of meat hits you with a +9,+9 war axe!
You die...

......#
..........#.x)))#
......o
............)%)#
.......
Oo.#......##%%#
......
....#.....##))%#
...
....#.....#...%#
..#..W.##p)...#
.###..M.#.p§%...#
...%..o#§§§.§.§..#
......oz@).%..####
##.W.%.oV§§####
#.....o.####
.§..### .##


You could see an accursed, a destroyer, a sculptor of flesh, 2 lost souls, 2
dreads, a meat berserker (berserk) and 5 bags of meat.

Vanquished Creatures
  A greater mummy (D)
  5 hill giants (D)
  22 ogres (D)
  51 orcs (D)
  A skeletal warrior (D)
  8 vampire knights (D)
  A large abomination (D)
  4 small abominations (D)
  3 crawling corpses (D)
96 creatures vanquished.

Vanquished Creatures (others)
  An Executioner (D)
  A blizzard demon (D)
  A crawling corpse (D)
3 creatures vanquished.

Grand Total: 99 creatures vanquished

Notes
Turn   | Place    | Note
--------------------------------------------------------------
     0 | D        | BluebellGnoll, the Naga Enchanter, began the quest for the Orb.
     0 | D        | Reached XP level 1. HP: 15/15 MP: 3/3
     3 | D        | Noticed a bag of meat
     3 | D        | Noticed a meat berserker
     4 | D        | Noticed a bag of meat
     4 | D        | Killed a meat berserker
     4 | D        | Reached skill level 4 in Short Blades
     4 | D        | Reached skill level 9 in Dodging
     4 | D        | Reached skill level 13 in Stealth
     4 | D        | Reached skill level 19 in Hexes
     4 | D        | Reached XP level 2. HP: 22/22 MP: 2/18
     4 | D        | Reached XP level 3. HP: 28/28 MP: 2/20
     4 | D        | Reached XP level 4. HP: 36/36 MP: 2/22
     4 | D        | Reached XP level 5. HP: 42/42 MP: 2/23
     4 | D        | Reached XP level 6. HP: 49/49 MP: 2/25
     4 | D        | Reached XP level 7. HP: 55/55 MP: 2/26
     4 | D        | Reached XP level 8. HP: 62/62 MP: 2/28
     4 | D        | Reached XP level 9. HP: 68/68 MP: 2/29
     4 | D        | Reached XP level 10. HP: 75/75 MP: 2/30
     4 | D        | Reached XP level 11. HP: 81/81 MP: 2/31
     5 | D        | Noticed a meat berserker
     5 | D        | Became a worshipper of Makhleb the Destroyer
     7 | D        | Noticed a bag of meat
     7 | D        | Noticed a bag of meat
     7 | D        | Noticed a bag of meat
     7 | D        | Killed a bag of meat
     7 | D        | Reached XP level 12. HP: 88/88 MP: 2/32
     8 | D        | Noticed a bag of meat
     8 | D        | Noticed a bag of meat
     8 | D        | Killed a meat berserker
     8 | D        | Acquired Makhleb's first power
     8 | D        | Reached XP level 13. HP: 11/94 MP: 3/32
     8 | D        | Killed a bag of meat
     8 | D        | Reached skill level 21 in Dodging
     8 | D        | Reached XP level 14. HP: 68/102 MP: 3/33
     9 | D        | Noticed a bag of meat
    10 | D        | Noticed a meat berserker
    10 | D        | Noticed a bag of meat
    10 | D        | Noticed a meat berserker
    11 | D        | Noticed a bag of meat
    11 | D        | Noticed a bag of meat
    11 | D        | Noticed a large bag of meat
    11 | D        | Noticed a bag of meat
    11 | D        | Killed a bag of meat
    11 | D        | Reached skill level 23 in Dodging
    11 | D        | Killed a bag of meat
    11 | D        | Acquired Makhleb's second power
    11 | D        | Reached skill level 25 in Dodging
    11 | D        | Reached XP level 15. HP: 103/108 MP: 3/34
    12 | D        | Noticed a bag of meat
    12 | D        | Noticed a bag of meat
    12 | D        | Killed a meat berserker
    12 | D        | Reached skill level 26 in Dodging
    13 | D        | Noticed a bag of meat
    13 | D        | Noticed a bag of meat
    13 | D        | Killed a bag of meat
    13 | D        | Reached skill level 27 in Dodging
    13 | D        | Killed a meat berserker
    13 | D        | Acquired Makhleb's third power
    13 | D        | Reached XP level 16. HP: 110/115 MP: 4/35
    13 | D        | Killed a bag of meat
    14 | D        | Noticed a bag of meat
    15 | D        | Killed a bag of meat
    16 | D        | Noticed a bag of meat
    16 | D        | Noticed a meat berserker
    17 | D        | Noticed a meat berserker
    17 | D        | Killed a bag of meat
    17 | D        | Acquired Makhleb's fourth power
    17 | D        | Killed a bag of meat
    17 | D        | Reached XP level 17. HP: 121/121 MP: 5/37
    17 | D        | Killed a bag of meat
    18 | D        | Noticed a bag of meat
    18 | D        | Noticed a meat berserker
    18 | D        | Killed a bag of meat
    18 | D        | Killed a bag of meat
    18 | D        | Acquired Makhleb's fifth power
    18 | D        | Reached skill level 27 in Axes
    19 | D        | Noticed a meat berserker
    19 | D        | Noticed a meat berserker
    19 | D        | Killed a large bag of meat
    19 | D        | Reached XP level 18. HP: 128/128 MP: 5/39
    19 | D        | Killed a bag of meat
    20 | D        | Noticed a meat berserker
    20 | D        | Noticed a large bag of meat
    20 | D        | Killed a meat berserker
    20 | D        | Reached skill level 27 in Invocations
    20 | D        | Killed a meat berserker
    21 | D        | Noticed a meat berserker
    21 | D        | Noticed a large bag of meat
    22 | D        | Noticed a bag of meat
    22 | D        | Noticed a bag of meat
    22 | D        | Noticed a meat berserker
    23 | D        | Noticed a bag of meat
    23 | D        | Noticed a bag of meat
    23 | D        | Noticed a bag of meat
    23 | D        | Noticed a bag of meat
    23 | D        | Noticed a bag of meat
    23 | D        | Killed a meat berserker
    23 | D        | Killed a bag of meat
    23 | D        | Reached XP level 19. HP: 202/211 MP: 6/41
    24 | D        | Noticed a large bag of meat
    24 | D        | Noticed a bag of meat
    24 | D        | Noticed a bag of meat
    25 | D        | Noticed a bag of meat
    25 | D        | Noticed a meat berserker
    25 | D        | Killed a meat berserker
    25 | D        | Killed a meat berserker
    26 | D        | Noticed a destroyer
    26 | D        | Killed a bag of meat
    26 | D        | Reached skill level 27 in Fighting
    26 | D        | Killed a large bag of meat
    26 | D        | Reached skill level 15 in Spellcasting
    27 | D        | Noticed a bag of meat
    27 | D        | Noticed a bag of meat
    28 | D        | Noticed a meat berserker
    28 | D        | Noticed a bag of meat
    28 | D        | Noticed a destroyer
    28 | D        | Killed a bag of meat
    28 | D        | Reached XP level 20. HP: 195/236 MP: 7/41
    28 | D        | Killed a bag of meat
    28 | D        | Killed a bag of meat
    28 | D        | Killed a meat berserker
    28 | D        | Reached skill level 27 in Hexes
    28 | D        | Killed a bag of meat
    28 | D        | Killed a meat berserker
    29 | D        | Killed a bag of meat
    29 | D        | Killed a large bag of meat
    29 | D        | Reached skill level 27 in Spellcasting
    29 | D        | Reached XP level 21. HP: 244/244 MP: 7/47
    30 | D        | Noticed a meat berserker
    30 | D        | Noticed a bag of meat
    30 | D        | Noticed a bag of meat
    30 | D        | Noticed a bag of meat
    30 | D        | Noticed a bag of meat
    30 | D        | Noticed a destroyer
    30 | D        | Noticed a destroyer
    30 | D        | Noticed a bag of meat
    30 | D        | Noticed a bag of meat
    30 | D        | Noticed a meat berserker
    30 | D        | Noticed a bag of meat
    30 | D        | Noticed a bag of meat
    30 | D        | Noticed a bag of meat
    31 | D        | Noticed a destroyer
    32 | D        | Noticed a bag of meat
    33 | D        | Noticed a bag of meat
    33 | D        | Killed a bag of meat
    33 | D        | Killed a bag of meat
    33 | D        | Reached skill level 27 in Stealth
    33 | D        | Killed a bag of meat
    34 | D        | Noticed a destroyer
    34 | D        | Killed a bag of meat
    34 | D        | Killed a meat berserker
    34 | D        | Killed a meat berserker
    34 | D        | Reached XP level 22. HP: 254/254 MP: 8/47
    35 | D        | Noticed a meat berserker
    35 | D        | Killed a bag of meat
    36 | D        | Killed a bag of meat
    37 | D        | Noticed a sculptor of flesh
    37 | D        | Killed a meat berserker
    37 | D        | Killed a bag of meat
    37 | D        | Reached skill level 27 in Armour
    37 | D        | Reached skill level 5 in Throwing
    38 | D        | Killed a destroyer
    39 | D        | Noticed a destroyer
    39 | D        | Noticed a bag of meat
    39 | D        | Noticed a bag of meat
    40 | D        | Killed a meat berserker
    42 | D        | Noticed a bag of meat
    43 | D        | Noticed a bag of meat
    43 | D        | Noticed a destroyer
    43 | D        | Noticed a bag of meat
    43 | D        | Noticed a meat berserker
    43 | D        | Noticed a bag of meat
    43 | D        | Noticed a bag of meat
    44 | D        | Noticed a bag of meat
    44 | D        | Noticed a bag of meat
    44 | D        | Noticed a bag of meat
    44 | D        | Noticed a bag of meat
    44 | D        | Noticed a bag of meat
    44 | D        | Noticed a large bag of meat
    44 | D        | Noticed a destroyer
    46 | D        | Noticed a meat berserker
    46 | D        | Killed a destroyer
    46 | D        | Killed a destroyer
    46 | D        | Reached XP level 23. HP: 262/262 MP: 11/48
    47 | D        | Killed a destroyer
    48 | D        | Killed a destroyer
    49 | D        | Noticed a bag of meat
    49 | D        | Killed a meat berserker
    49 | D        | Reached skill level 27 in Throwing
    49 | D        | Killed a bag of meat
    50 | D        | Killed a bag of meat
    51 | D        | Noticed a bag of meat
    52 | D        | Killed a bag of meat
    52 | D        | Killed a bag of meat
    52 | D        | Killed a meat berserker
    52 | D        | Reached XP level 24. HP: 272/272 MP: 12/48
    53 | D        | Killed a bag of meat
    53 | D        | Reached skill level 27 in Unarmed Combat
    53 | D        | Reached skill level 10 in Short Blades
    53 | D        | Killed a destroyer
    53 | D        | Reached skill level 15 in Short Blades
    53 | D        | Killed a bag of meat
    53 | D        | Killed a meat berserker
    54 | D        | Killed a bag of meat
    54 | D        | Killed a bag of meat
    54 | D        | Killed a meat berserker
    54 | D        | Reached skill level 27 in Short Blades
    56 | D        | Noticed an accursed
    56 | D        | Killed a bag of meat
    56 | D        | Killed a bag of meat
    56 | D        | Reached XP level 25. HP: 280/280 MP: 12/49
    57 | D        | HP: 1/280 [sculptor of flesh/+9,+9 great sword (231)]
    58 | D        | Killed an accursed
    58 | D        | Killed a sculptor of flesh
    58 | D        | Killed a bag of meat
    58 | D        | Killed a bag of meat
    59 | D        | Killed a destroyer
    59 | D        | Killed a bag of meat
    59 | D        | Killed a bag of meat
    60 | D        | Killed a bag of meat
    63 | D        | Noticed a bag of meat
    64 | D        | Killed a destroyer
    64 | D        | Reached XP level 26. HP: 290/290 MP: 14/49
    66 | D        | Killed a large bag of meat
    66 | D        | Killed a bag of meat
    66 | D        | Killed a bag of meat
    68 | D        | Killed a bag of meat
    68 | D        | Killed a bag of meat
    70 | D        | Noticed a sculptor of flesh
    71 | D        | Noticed a bag of meat
    71 | D        | Noticed a meat berserker
    71 | D        | Noticed a bag of meat
    72 | D        | Noticed a meat berserker
    72 | D        | Noticed a bag of meat
    72 | D        | Noticed an accursed
    72 | D        | Noticed a bag of meat
    73 | D        | Noticed a bag of meat
    73 | D        | Killed a bag of meat
    73 | D        | Killed a large bag of meat
    74 | D        | Noticed a bag of meat
    74 | D        | Noticed a bag of meat
    74 | D        | Killed a meat berserker
    76 | D        | Noticed a meat berserker
    76 | D        | Killed a bag of meat
    76 | D        | Killed a meat berserker
    77 | D        | Noticed a dread
    77 | D        | Killed a bag of meat
    77 | D        | Reached XP level 27. HP: 298/298 MP: 18/49
    79 | D        | Noticed a destroyer
    79 | D        | Noticed a dread
    79 | D        | Noticed a lost soul
    79 | D        | Noticed a lost soul
    79 | D        | Killed a bag of meat
    79 | D        | Killed a bag of meat
    79 | D        | Killed a meat berserker
    80 | D        | HP: 3/298 [sculptor of flesh/+9,+9 great sword (159)]
    80 | D        | Annihilated by a bag of meat

Action                   |  1- 3 |  4- 6 |  7- 9 | 10-12 | 13-15 | 16-18 | 19-21 | 22-24 | 25-27 || total
-------------------------+-------+-------+-------+-------+-------+-------+-------+-------+-------++-------
Melee: Executioner's axe |     1 |       |       |     2 |     3 |     6 |     6 |    14 |    11 ||    43
Invok: Greater Servant o |       |       |       |       |       |       |       |     2 |       ||     2
  Use: Potion            |       |       |       |     1 |       |       |       |       |     1 ||     2
       Scroll            |       |       |       |       |       |       |     1 |       |       ||     1
